 Dungeon Crawl Stone Soup version 0.13-a0-1577-g2bae144 (webtiles) character file.

4560 Kae the Whirler (level 10, -4/60 HPs)
             Began as a Halfling Hunter on June 11, 2013.
             Was a Priest of Okawaru.
             Slain by a trapdoor spider zombie (6 damage)
             ... on Level 9 of the Dungeon.
             The game lasted 00:29:31 (9671 turns).

Kae the Whirler (Halfling Hunter)                   Turns: 9671, Time: 00:29:31

HP  -4/60        AC  7     Str  9      XL: 10   Next: 51%
MP   9/9         EV 19     Int 11      God: Okawaru [***...]
Gold 430         SH  0     Dex 21      Spells:  0 memorised,  9 levels left

Res.Fire  : . . .   See Invis. : .   b - +1 sling
Res.Cold  : . . .   Warding    : .   d - +0 leather armour
Life Prot.: . . .   Conserve   : .   (no shield)
Res.Poison: .       Res.Corr.  : .   (no helmet)
Res.Elec. : .       Clarity    : .   v - +0 cloak {darkness}
Sust.Abil.: . .     Spirit.Shd : .   E - +0 pair of elf gauntlets (curse)
Res.Mut.  : .       Stasis     : .   n - +0 pair of boots
Res.Rott. : .       Flight     : .   (no amulet)
Saprovore : . . .                    (no ring)
                                     i - ring of protection from magic

@: mildly poisoned, heroism, quite resistant to hostile enchantments, extremely
stealthy
A: mutation resistance 1, slow metabolism 1
a: Heroism, Renounce Religion, Evoke Invisibility


You were on level 9 of the Dungeon.
You worshipped Okawaru.
Okawaru was greatly pleased with you.
You were not hungry.

You visited 2 branches of the dungeon, and saw 10 of its levels.

You collected 410 gold pieces.

Inventory:

Hand weapons
 a - a +0,+0 short sword
 b - a +1,+1 sling (weapon)
 y - a +0 blowgun
Missiles
 c - 66 sling bullets (quivered)
 k - 70 stones
 B - 9 poisoned needles
 P - 23 poisoned sling bullets
Armour
 d - a +0 leather armour (worn)
 n - a +0 pair of boots (worn)
 v - a +0 cloak of darkness (worn)
 E - a cursed +0 pair of elven gauntlets (worn)
Magical devices
 m - a wand of paralysis (3)
 F - a wand of fire (4)
 I - a wand of invisibility (1)
Comestibles
 f - 3 bread rations
 o - 13 strawberries
 q - a honeycomb
 w - 3 pears
 z - 3 meat rations
 A - a cheese
 J - 2 chokos
Scrolls
 g - 6 scrolls of identify
 C - a scroll of remove curse
 D - a scroll of enchant weapon II {unknown}
 H - 2 scrolls of amnesia
 K - 2 scrolls of teleportation {unknown}
 L - 2 scrolls of noise {unknown}
 N - a scroll of fog
Jewellery
 i - a ring of protection from magic (left hand)
 M - an uncursed ring of protection from cold
Potions
 e - a potion of brilliance {unknown}
 j - 4 potions of curing
 l - 2 potions of speed
 p - a potion of degeneration {unknown}
 s - a potion of heal wounds
 t - a potion of invisibility {unknown}
 u - a potion of resistance {unknown}
 x - 3 potions of restore abilities
Books
 G - a book of Dreams

   Spells                             Type                      Level
   Ensorcelled Hibernation            Hexes/Ice                    2
   Flight                             Charms/Air                   3
   Phase Shift                        Translocation                5
   Shadow Creatures                   Summoning                    5
   Mass Confusion                     Hexes                        6
   Darkness                           Hexes                        7


   Skills:
 - Level 0.8(5.8) Fighting
 - Level 5.0(10.0) Short Blades
 + Level 17.2(22.2) Slings
 - Level 2.4(7.4) Dodging
 - Level 6.0(11.0) Stealth


You had 9 spell levels left.
You didn't know any spells.

Dungeon Overview and Level Annotations

Branches:
Dungeon (9/27)             Temple (1/1) D:4             Orc (0/4) D:7
   Lair: D:8-13

Altars:
Ashenzari
Cheibriados
Elyvilon
Fedhas
Kikubaaqudgha
Makhleb
Nemelex Xobeh
Okawaru
Sif Muna
Trog
Vehumet
Xom
Yredelemnul
Zin
the Shining One


Innate Abilities, Weirdness & Mutations

You are small and have problems with some larger weapons.
You are somewhat resistant to further mutation.
You have a slow metabolism.


Message History

The trapdoor spider zombie bites you.
* * * LOW HITPOINT WARNING * * *
Firing (i - inventory. (,) - cycle):
c - 68 sling bullets (quivered)
Press: ? - help, Shift-Dir - straight line, f/p - trapdoor spider zombie
Aim: a trapdoor spider zombie You shoot a sling bullet.
The sling bullet hits the trapdoor spider zombie.
* * * LOW HITPOINT WARNING * * *
You feel sick. The trapdoor spider zombie bites you!
* * * LOW HITPOINT WARNING * * *
* * * LOW HITPOINT WARNING * * *
You feel sick.
Unknown command.
Firing (i - inventory. (,) - cycle):
c - 67 sling bullets (quivered)
Press: ? - help, Shift-Dir - straight line, f/p - trapdoor spider zombie
Aim: a trapdoor spider zombie You shoot a sling bullet.
The sling bullet hits the trapdoor spider zombie.
The trapdoor spider zombie bites you.
You die...

#.##.###.#.#
#.##.......#
#.#......###
#........#
#.#.....##
#.#.....#
#.#######
#.# #@# #z#
#K# #(# #O#
#(# #(# #(#
#(#


You could see a two-headed ogre, a trapdoor spider zombie and a kobold.

Vanquished Creatures
  A komodo dragon (D:9)
  Eustachio (D:4)
  A hippogriff (D:8)
  2 giant goldfish (D:7)
  2 orc warriors (D:8)
  A giant goldfish zombie (D:5)
  An ice beast (D:5)
  A sky beast (D:7)
  6 ogres
  A swamp drake (D:9)
  A yak skeleton (D:8)
  A centaur (D:5)
  5 giant frogs
  Blork the orc (D:4)
  5 killer bees
  A jellyfish (D:7)
  4 wights
  3 crimson imps
  3 hounds
  3 orc priests
  Crazy Yiuf (D:2)
  A scorpion (D:8)
  5 iguanas
  13 orc wizards
  2 quasits
  11 worker ants
  3 jellies
  A goliath beetle zombie (D:4)
  4 gnolls (D:6)
  12 adders
  5 worms
  2 bat zombies (D:5)
  2 giant eyeballs
  A giant gecko (D:1)
  An ooze (D:1)
  25 orcs
  6 ball pythons
  18 bats
  4 giant cockroaches
  12 goblins
  9 hobgoblins
  4 quokkas
  4 giant newts
  A goblin skeleton (D:4)
  8 jackals
  17 kobolds
  A kobold skeleton (D:4)
  2 orc skeletons
  34 rats
  2 rat zombies (D:5)
255 creatures vanquished.

Vanquished Creatures (others)
  An iguana (D:9)
  A giant gecko (D:9)
  A bat (D:4)
  A giant newt (D:7)
  A rat (D:1)
5 creatures vanquished.

Grand Total: 260 creatures vanquished

Notes
Turn   | Place    | Note
--------------------------------------------------------------
     0 | D:1      | Kae, the Halfling Hunter, began the quest for the Orb.
     0 | D:1      | Reached XP level 1. HP: 14/14 MP: 0/0
    17 | D:1      | Reached skill level 6 in Slings
   192 | D:1      | Reached XP level 2. HP: 5/19 MP: 1/1
   703 | D:1      | Reached skill level 1 in Short Blades
   703 | D:1      | Reached XP level 3. HP: 24/24 MP: 2/2
  1136 | D:2      | Found a white marble altar of Elyvilon.
  1137 | D:2      | Found a glowing silver altar of Zin.
  1143 | D:2      | Found a glowing golden altar of the Shining One.
  1231 | D:2      | Noticed Crazy Yiuf
  1249 | D:2      | Killed Crazy Yiuf
  1249 | D:2      | Reached XP level 4. HP: 12/29 MP: 3/3
  2169 | D:2      | Reached skill level 7 in Slings
  2169 | D:2      | Reached XP level 5. HP: 34/34 MP: 4/4
  2446 | D:3      | Found a blossoming altar of Fedhas.
  2641 | D:3      | Found a sparkling altar of Nemelex Xobeh.
  2973 | D:4      | Found a staircase to the Ecumenical Temple.
  2996 | Temple   | Entered the Ecumenical Temple
  3029 | Temple   | Became a worshipper of Warmaster Okawaru
  3057 | D:4      | Noticed Eustachio
  3091 | D:4      | Killed Eustachio
  3091 | D:4      | Reached skill level 5 in Stealth
  3091 | D:4      | Reached XP level 6. HP: 10/39 MP: 5/5
  3391 | D:4      | Paralysed by a giant eyeball for 4 turns
  3502 | D:4      | Reached skill level 8 in Slings
  3542 | D:4      | Noticed Blork the orc
  3562 | D:4      | Killed Blork the orc
  3562 | D:4      | Reached XP level 7. HP: 33/44 MP: 6/6
  3566 | D:4      | Acquired Okawaru's first power
  3617 | D:4      | Found a blossoming altar of Fedhas.
  3659 | D:4      | Reached skill level 5 in Short Blades
  3702 | D:4      | Found a white marble altar of Elyvilon.
  4181 | D:5      | Entered Level 5 of the Dungeon
  4213 | D:5      | Reached skill level 9 in Slings
  4227 | D:5      | Reached XP level 8. HP: 25/49 MP: 7/7
  4288 | D:5      | Reached skill level 10 in Slings
  4752 | D:5      | Reached skill level 11 in Slings
  4757 | D:5      | Found an ancient bone altar of Kikubaaqudgha.
  5154 | D:6      | Found a glowing silver altar of Zin.
  5359 | D:6      | Found a radiant altar of Vehumet.
  5368 | D:6      | Reached skill level 12 in Slings
  6114 | D:7      | Reached XP level 9. HP: 54/54 MP: 8/8
  6190 | D:7      | Found a staircase to the Orcish Mines.
  6209 | D:7      | Reached skill level 13 in Slings
  6223 | D:7      | Paralysed by a giant eyeball for 3 turns
  6232 | D:7      | Paralysed by a giant eyeball for 3 turns
  6509 | D:7      | Reached skill level 14 in Slings
  6811 | D:7      | Found a glowing golden altar of the Shining One.
  7091 | D:7      | Reached skill level 15 in Slings
  7246 | D:8      | Reached XP level 10. HP: 33/60 MP: 7/9
  8136 | D:8      | Reached skill level 16 in Slings
  8240 | D:8      | Received a gift from Okawaru
  8982 | D:9      | Received a gift from Okawaru
  9315 | D:9      | Reached skill level 17 in Slings
  9669 | D:9      | HP: 3/60 [trapdoor spider zombie (12)]
  9671 | D:9      | Slain by a trapdoor spider zombie

Action                   |  1- 3 |  4- 6 |  7- 9 | 10-12 || total
-------------------------+-------+-------+-------+-------++-------
Melee: Short sword       |    62 |   137 |    49 |    38 ||   286
       Sling             |       |       |       |     1 ||     1
 Fire: Sling             |    43 |    80 |   459 |   246 ||   828
Throw: Stone             |     3 |     1 |    27 |       ||    31
Invok: Heroism           |       |       |     5 |     4 ||     9
 Abil: Evoke Invisibilit |       |     3 |     2 |       ||     5
Evoke: Wand              |       |     2 |     7 |     1 ||    10
  Use: Scroll            |       |     9 |     2 |     3 ||    14
       Potion            |       |       |       |     3 ||     3
 Stab: Invisible         |       |     7 |       |       ||     7
       Sleeping          |       |     7 |     4 |     1 ||    12
       Paralysed         |       |       |     3 |       ||     3
